AoeStats
← aitorpevi

Black Forest

509922764Analyzed
3v3 RM · 5d ago on Sep 28, 2026· 66m 20s· 6 players
Game mode
Random Map
Map size
Normal (6 player)
Population
200
Speed
Normal
Resources
Standard
Victory
Conquest
Starting age
Dark Age
Ending age
Imperial Age
RankedLock teamsTeams togetherTeam positionsShared explorationLock speedFull tech treeHidden civsTurbo modeCheats
Victory
Defeat
🇧🇪 Danes · Belgium
843
+13
🇪🇸 Ethiopians · Spain
833
+13
🇹🇷 Persians · Türkiye
827
+13
🇫🇷 Goths · France
780
-13
🇫🇷 Franks · France
780
-13
🇫🇷 Khmer · France
757
-13
WinterVison
11:12 Feudal Age
16:33 Castle Age
17:48 Double-Bit Axe
18:22 Scale Mail Armor
18:33 Forging
27:29 Squires
27:15 Gambesons
33:58 Chain Mail Armor
36:28 Wheelbarrow
39:35 Horse Collar
43:57 Imperial Age
42:46 Iron Casting
42:34 Hand Cart
45:31 Elite Varangian Guard
45:40 Hamask
46:42 Conscription
47:16 Capped Ram
48:32 Siege Ram
50:30 Caravan
51:39 Plate Mail Armor
52:34 Blast Furnace
Alaz
9:50 Feudal Age
10:09 Double-Bit Axe
17:47 Castle Age
15:56 Horse Collar
18:16 Heavy Plow
18:29 Bow Saw
21:03 Wheelbarrow
21:42 Stone Mining
23:03 Gold Mining
24:01 Forging
23:56 Scale Barding Armor
24:49 Hand Cart
24:19 Town Watch
24:55 Hand Cart
24:26 Town Watch
26:39 Town Patrol
27:59 Ballistics
28:24 Iron Casting
28:09 Chain Barding Armor
27:39 Fletching
27:49 Padded Archer Armor
32:01 Imperial Age
30:09 Pikeman
32:22 Kamandaran
31:43 Elite War Elephant
32:44 Conscription
33:22 Crop Rotation
34:13 Blast Furnace
33:48 Plate Barding Armor
34:17 Plate Barding Armor
33:37 Bodkin Arrow
33:57 Leather Archer Armor
33:44 Crossbowman
34:32 Thumb Ring
35:55 Chemistry
37:21 Leather Archer Armor
37:46 Hoardings
40:39 Two-Man Saw
46:23 Cavalier
47:04 Husbandry
47:14 Bloodlines
48:10 Onager
52:29 Savar
aitorpevi
0:26 Loom
15:22 Feudal Age
16:58 Double-Bit Axe
17:28 Gold Mining
19:54 Castle Age
18:42 Horse Collar
19:23 Stone Mining
21:15 Fletching
21:28 Padded Archer Armor
23:12 Wheelbarrow
24:19 Town Watch
26:36 Heavy Plow
26:57 Bow Saw
34:14 Imperial Age
32:04 Husbandry
32:13 Thumb Ring
31:29 Crossbowman
32:49 Bodkin Arrow
33:05 Forging
32:55 Scale Mail Armor
35:13 Squires
34:34 Halberdier
36:09 Gold Shaft Mining
36:28 Ballistics
36:14 Siege Engineers
38:34 Torsion Engines
39:08 Arbalester
40:00 Bracer
40:17 Chain Mail Armor
41:50 Chemistry
40:47 Murder Holes
41:14 Onager
44:20 Masonry
44:22 Fortified Wall
44:42 Siege Onager
45:49 Capped Ram
54:11 Conscription
56:23 Siege Ram
63:57 Royal Heirs
63:31 Heavy Camel Rider
65:27 Scale Barding Armor
66:00 Iron Casting
66:02 Plate Mail Armor
Hydropris
14:47 Feudal Age
22:05 Castle Age
21:09 Forging
23:06 Husbandry
23:44 Iron Casting
24:26 Light Cavalry
31:39 Murder Holes
34:17 Imperial Age
32:25 Wheelbarrow
31:36 Loom
31:37 Town Watch
34:57 Hand Cart
34:43 Town Patrol
36:02 Chemistry
36:48 Conscription
36:15 Cavalier
38:32 Scale Barding Armor
39:28 Blast Furnace
41:04 Caravan
41:31 Double-Bit Axe
41:41 Paladin
42:44 Arrowslits
43:20 Ballistics
43:25 Masonry
43:36 Fortified Wall
45:11 Bow Saw
45:55 Architecture
45:09 Treadmill Crane
45:45 Gold Mining
45:46 Stone Mining
46:30 Chivalry
haduardsauro
2:42 Loom
11:05 Feudal Age
12:29 Wheelbarrow
12:49 Double-Bit Axe
14:33 Horse Collar
21:27 Castle Age
20:19 Stone Mining
20:20 Gold Mining
23:28 Squires
22:50 Man-at-Arms
24:41 Long Swordsman
26:08 Forging
27:18 Hand Cart
27:23 Heavy Plow
27:39 Bow Saw
28:07 Stone Shaft Mining
34:33 Imperial Age
33:40 Murder Holes
34:27 Iron Casting
33:53 Scale Mail Armor
35:03 Anarchy
36:52 Crop Rotation
36:41 Town Watch
37:27 Caravan
37:53 Conscription
38:27 Elite Huskarl
39:10 Perfusion
40:27 Blast Furnace
41:03 Chain Mail Armor
42:09 Town Patrol
42:29 Pikeman
44:15 Two-Man Saw
45:48 Halberdier
53:38 Ballistics
54:21 Chemistry
Zyel Blblbl
2:26 Loom
12:22 Feudal Age
15:35 Double-Bit Axe
21:40 Castle Age
21:16 Wheelbarrow
20:27 Town Watch
21:44 Gold Mining
21:45 Stone Mining
21:54 Stone Mining
23:18 Bow Saw
29:13 Stone Shaft Mining
28:52 Horse Collar
34:21 Gold Shaft Mining
38:20 Imperial Age
38:07 Hand Cart
37:53 Town Patrol
40:25 Scale Mail Armor
40:31 Scale Barding Armor
40:27 Padded Archer Armor
40:18 Fletching
40:39 Forging
40:55 Tusk Swords
42:14 Heated Shot
42:20 Murder Holes
42:46 Ballistics
43:30 Chemistry
43:34 Heavy Plow
45:04 Caravan
45:36 Elite Battle Elephant
46:37 Double Crossbow
48:52 Elite Ballista Elephant
Connection lost

Rejoining the realm…

Still unreachable

The connection could not be restored.

Session expired

The server has moved on; the page needs a fresh start.